 Dungeon Crawl Stone Soup version 0.25-a0-404-gc1b5a34292 (webtiles) character file.

Game seed: 10139853595498203046, levelgen mode: deterministic

32 Jerej03 the Firebug (level 3, -30/26 HPs)
             Began as a Draconian Fire Elementalist on Jan 11, 2020.
             Killed from afar by a dart slug (56 damage)
             ... with an exploding inner flame
             ... hexed by the player character
             ... on level 1 of the Dungeon.
             The game lasted 00:09:40 (763 turns).

Jerej03 the Firebug (Draconian Fire Elementalist)    Turns: 763, Time: 00:09:43

Health: -30/26     AC:  7    Str: 11    XL:     3   Next: 10%
Magic:  0/6        EV: 12    Int: 15    God:
Gold:   29         SH:  0    Dex: 11    Spells: 2/6 levels left

rFire    . . .     SeeInvis .   e - +1 short sword
rCold    . . .     Gourm    .   (no shield)
rNeg     . . .     Faith    .   (armour unavailable)
rPois    .         Spirit   .   (helmet restricted)
rElec    .         Reflect  .   g - +1 cloak
rCorr    .         Harm     .   (no gloves)
MR       .....                  (no boots)
Stlth    ++........             (no amulet)
HPRegen  0.08/turn              d - ring of flight
MPRegen  0.10/turn              (no ring)

@: no status effects
A: unfitting armour, cold-blooded, AC +5
a: Evoke Flight


You were on level 1 of the Dungeon.
You were hungry.

You visited 1 branch of the dungeon, and saw 1 of its levels.

You collected 29 gold pieces.

Inventory:

Hand Weapons
 e - a +1 short sword (weapon)
Armour
 g - a +1 cloak (worn)
Jewellery
 d - a ring of flight (left hand)
Scrolls
 a - a scroll of amnesia
Comestibles
 b - 3 rations
 f - 2 chunks of flesh


   Skills:
 + Level 0.3 Fighting
 + Level 1.8 Dodging
 + Level 2.1 Stealth
 + Level 0.1 Unarmed Combat
 + Level 2.3 Spellcasting
 + Level 1.5 Conjurations
 + Level 3.3 Fire Magic


You had 2 spell levels left.
You knew the following spells:

 Your Spells              Type           Power        Failure   Level  Hunger
a - Foxfire               Conj/Fire      #...         8%          1    #......
b - Inner Flame           Hex/Fire       #.......     32%         3    ###....

Your spell library contained the following spells:

 Spells                   Type           Power        Failure   Level  Hunger
 Conjure Flame            Conj/Fire      #.......     24%         3    ###....
 Sticky Flame             Conj/Fire      #.......     61%         4    #####..
 Fireball                 Conj/Fire      #.........   91%         5    ######.


Dungeon Overview and Level Annotations

Branches:
Dungeon (1/15)

Altars:


Innate Abilities, Weirdness & Mutations

Your plain brown scales are hard. (AC +5)
You cannot fit into any form of body armour.
You are cold-blooded and may be slowed by cold attacks.


Message History

Press: ? - help, Shift-Dir - straight line, f - dart slug
Aim: a dart slug (resting, chance to defeat MR: 66%)
The dart slug struggles to resist.
Casting: Inner Flame (safe; 32% risk of failure)
Confirm with . or Enter, or press ? or * to list all spells.
Aiming: Inner Flame (safe; 32% risk of failure)
Press: ? - help, Shift-Dir - straight line, f/p - dart slug
Aim: a dart slug (chance to defeat MR: 66%)
The dart slug is filled with an inner flame.
You are feeling hungry.
The dart slug launches a dart at you.
The slug dart hits you but does no damage.
You hit the dart slug.
Flame seeps out of the dart slug. x2
You tail-slap the dart slug.
The dart slug is severely wounded.
The dart slug is engulfed in blazing flames.
The dart slug explodes!
The fiery explosion engulfs you!!!
Ouch! That really hurt!
You die...

###.#######.#####...####.# #.#
.........##..............######.#
###.####.#########..#...........#
###.# ########..#############
..... ..........#############
....## #######...##..)........
###.# #.#.##.#########. .....
.#######.#.##.# #. ).....#
......§○@...##.# #.
###.#.##...######.#.##.# #. #
#.#....# ###.##.# #####. #
#.#....# ##...##.# #..... #
#.....# #....##.# #.###.
###.#..## ##....##.## #.
....#...# #.....##..♣#♣#♣#♣#.
.......##. ##..#..##...........
#####..#.. #...#.[##.#♣#♣.♣.♣..


There were no monsters in sight!

Vanquished Creatures
  2 dart slugs (D:1)
  2 giant cockroaches (D:1)
  A goblin (D:1)
  5 hobgoblins (D:1)
  7 jackals (D:1)
  A ball python (D:1)
  A frilled lizard (D:1)
  5 kobolds (D:1)
  2 rats (D:1)
26 creatures vanquished.

Vanquished Creatures (others)
  51 foxfires (D:1)
51 creatures vanquished.

Grand Total: 77 creatures vanquished

Notes
Turn   | Place    | Note
-------+----------+-------------------------------------------
     0 | D:1      | Jerej03 the Draconian Fire Elementalist began the quest for
                  | the Orb.
     0 | D:1      | Reached XP level 1. HP: 14/14 MP: 3/3
   204 | D:1      | Reached XP level 2. HP: 8/20 MP: 1/5
   643 | D:1      | Reached XP level 3. HP: 24/26 MP: 0/6
   670 | D:1      | Learned a level 3 spell: Inner Flame
   763 | D:1      | Killed from afar by a dart slug

Levels and vault maps discovered:
D:1:      dpeg_arrival_long_road, layout_loops_ring, serial_forest,
          infiniplex_forest_lined_4_way, infiniplex_forest_end_2,
          infiniplex_forest_corner_2, infiniplex_forest_zigzag_1,
          infiniplex_forest_join, infiniplex_forest_lined_2,
          infiniplex_forest_clump_tiny, infiniplex_forest_side_room,
          bh_walls_and_bars

Skill      XL: |  1 |
---------------+----+-----
Stealth        | 2 |  2.1
Fighting       | |  0.3
Dodging        | |  1.8
Unarmed Combat | |  0.1
Spellcasting   | |  2.3
Conjurations   | |  1.5
Fire Magic     | |  3.3

Action                   || total
-------------------------++-------
Melee: Dagger            ||    11
       Unarmed           ||     8
       Tailslap          ||     3
       Short sword       ||    17
 Cast: Foxfire           ||    42
       Inner Flame       ||     2
  Use: Scroll            ||     4
Armor: Skin              ||    15
Dodge: Dodged            ||    27

Table legend:
 A = Non-vault XP
 B = Vault XP
 C = Vault XP percentage of total XP
 D = Non-vault monster count
 E = Vault monster count
 F = Vault count percentage of total count
                 A         B        C        D         E       F
            +---------+---------+-------+---------+---------+-------
      Total |      47 |       0 |   0.0 |      26 |       0 |   0.0
            +---------+---------+-------+---------+---------+-------
        D:1 |      47 |       0 |   0.0 |      26 |       0 |   0.0
            +---------+---------+-------+---------+---------+-------
